 Dungeon Crawl Stone Soup version 0.26.1-11-gd32895ea62 (webtiles) character file.

Game seed: 1191801479445816454

325 Zeld the Chiller (level 6, -5/47 HPs)
             Began as a Barachi Ice Elementalist on Sept 10, 2021.
             Slain by an orc warrior
             ... wielding a +0 scimitar
              (12 damage)
             ... on level 6 of the Dungeon.
             The game lasted 00:06:31 (4025 turns).

Zeld the Chiller (Barachi Ice Elementalist)         Turns: 4025, Time: 00:06:32

Health: -5/47      AC:  5    Str:  9    XL:     6   Next: 48%
Magic:  10/11      EV: 13    Int: 17    God:
Gold:   237        SH:  4    Dex: 13    Spells: 0/11 levels left

rFire    . . .     SeeInvis .   a - +0 dagger (vamp)
rCold    . . .     Faith    .   n - +0 buckler
rNeg     . . .     Spirit   .   q - +0 robe
rPois    .         Reflect  .   (no helmet)
rElec    .         Harm     .   (no cloak)
rCorr    .         Rampage  .   m - +1 pair of gloves
Will     .....                  c - +0 pair of boots
Stlth    ++........             (no amulet)
HPRegen  0.15/turn              (no ring)
MPRegen  0.12/turn              (no ring)

@: slow
A: +LOS, swims, slowness 1, strong legs 1
a: Hop


You were on level 6 of the Dungeon.
You visited 1 branch of the dungeon, and saw 5 of its levels.

You collected 237 gold pieces.

Inventory:

Hand Weapons
 a - a +0 vampiric dagger (weapon)
Armour
 c - a +0 pair of boots (worn)
 m - a +1 pair of gloves (worn)
 n - a +0 buckler (worn)
 q - a +0 robe (worn)
Scrolls
 d - 4 scrolls of identify {unknown}
 e - 2 scrolls of teleportation {unknown}
 g - a scroll of fear {unknown}
 i - 3 scrolls of immolation {unknown}
 k - a scroll of random uselessness {unknown}
 p - a scroll of amnesia {unknown}
 r - 2 scrolls of enchant armour {unknown}
 s - 4 scrolls of remove curse {unknown}
 u - a scroll of blinking {unknown}
Potions
 b - a potion of ambrosia {unknown}
 f - a potion of berserk rage {unknown}
 h - a potion of might {unknown}
 j - 2 potions of lignification {unknown}
 l - a potion of resistance {unknown}
 o - a potion of curing {unknown}
 t - a potion of brilliance {unknown}


   Skills:
 * Level 3.2 Fighting
 + Level 2.0 Armour
 + Level 3.0 Dodging
 + Level 2.6 Stealth
 * Level 2.1 Shields
 * Level 3.4 Spellcasting
 * Level 5.8 Ice Magic


You couldn't memorise any spells.
You knew the following spells:

 Your Spells              Type           Power        Failure   Level
a - Freeze                Ice            88%          1%          1
b - Frozen Ramparts       Ice            44%          6%          3
c - Ozocubu's Armour      Ice            22%          6%          3
d - Hailstorm             Conj/Ice       12%          54%         4

Your spell library contained the following spells:

 Spells                   Type           Power        Failure   Level
 Summon Ice Beast         Ice/Summ       12%          54%         4


Dungeon Overview and Level Annotations

Branches:
Dungeon (4/15)
 Temple: D:4-7

Altars:
The Shining One


Innate Abilities, Weirdness & Mutations

You can be seen from farther away. (+LOS)
You can swim through water.
You cover ground slowly.
You can hop short distances.


Message History

The orc warrior hits you with a +0 scimitar!!
* * * LOW HITPOINT WARNING * * *
An orc wizard appears from thin air!
Reactivating autopickup.
The centaur shoots an arrow.
You block the arrow.
You see here an arrow.
The orc wizard points at itself and mumbles some strange words.
The orc wizard flickers and vanishes!
Deactivating autopickup; reactivate with Ctrl-A.
The orc warrior completely misses you.
The orc priest looks satisfied for a moment.
Casting: Freeze (safe; 1% risk of failure)
Confirm with . or Enter, or press ? or * to list all spells.
Aiming: Freeze (safe; 1% risk of failure)
Press: ? - help, Shift-Dir - straight line, f - orc warrior
Aim: an orc warrior, wielding a +0 scimitar and wearing a +0 plate armour You freeze the orc warrior!
The orc warrior is moderately wounded.
The orc warrior hits you with a +0 scimitar!
You die...

### ..#
#####.#
#@oco.#
#####.# #.#
#.# #o#
##.########
#.........#
##..#####.#
#......#


You could see an orc warrior, a centaur and an orc priest.

Vanquished Creatures
  Menkaure (D:4)
  An orc priest (D:3)
  An orc wizard (D:3)
  Terence (D:2)
  A worker ant (D:4)
  5 adders
  2 dart slugs (D:1)
  4 leopard geckos
  An orc (D:3)
  A ball python (D:1)
  2 bats
  A giant cockroach (D:3)
  5 goblins
  6 hobgoblins
  9 kobolds
  2 quokkas
  A frilled lizard (D:3)
  9 rats
53 creatures vanquished.

Notes
Turn   | Place    | Note
-------+----------+-------------------------------------------
     0 | D:1      | Zeld the Barachi Ice Elementalist began the quest for the
                  | Orb.
     0 | D:1      | Reached XP level 1. HP: 13/13 MP: 3/3
   120 | D:1      | Reached XP level 2. HP: 12/20 MP: 1/5
   135 | D:1      | Reached skill level 1 in Fighting
   149 | D:1      | Reached skill level 5 in Ice Magic
   832 | D:1      | Reached XP level 3. HP: 20/26 MP: 1/6
   836 | D:1      | Learned a level 3 spell: Frozen Ramparts
  1638 | D:2      | Reached skill level 1 in Armour
  1820 | D:2      | Noticed Terence
  1829 | D:2      | Killed Terence
  1830 | D:2      | Reached XP level 4. HP: 32/33 MP: 2/8
  2192 | D:3      | Reached skill level 1 in Shields
  2402 | D:3      | Reached XP level 5. HP: 39/39 MP: 6/9
  3074 | D:4      | Learned a level 3 spell: Ozocubu's Armour
  3304 | D:4      | Noticed Menkaure
  3634 | D:4      | Killed Menkaure
  3635 | D:4      | Reached XP level 6. HP: 15/47 MP: 0/11
  3640 | D:4      | Learned a level 4 spell: Hailstorm
  3965 | D:4      | Found a glowing golden altar of the Shining One.
  3965 | D:4      | You fall into a shaft and drop 2 floors!
  3967 | D:6      | Noticed an orc warrior
  4025 | D:6      | Slain by an orc warrior

Illustrated notes

Levels and vault maps discovered:
D:1:      scummos_arrival_gate, layout_basic
D:2:      layout_rooms, uniq_terence
D:3:      layout_loops_ring
D:4:      layout_loops_corners, lemuel_doored_altar,
          nicolae_overflow_hidden_temple, general_overflow_altar,
          lemuel_temple_firewalk_b, sigmund_edmund_badplayer, uniq_menkaure
D:6:      layout_basic, nicolae_overflow_crystal_walls,
          nicolae_dithmenos_through_a_glass_darkly, serial_shops, shop,
          uniq_maggie

Skill      XL: |  1  2  3  4  5 |
---------------+----------------+-----
Fighting       | 1 2 3 |  3.2
Ice Magic      | 5 |  5.8
Stealth        | 2 |  2.6
Armour         | 1 2 |  2.0
Shields        | 1 2 |  2.1
Spellcasting   | 3 |  3.4
Dodging        | 3 |  3.0

Action                   |  1- 3 |  4- 6 || total
-------------------------+-------+-------++-------
Melee: Unarmed           |    17 |     1 ||    18
       Dagger            |       |    77 ||    77
 Cast: Freeze            |    44 |    31 ||    75
       Frozen Ramparts   |       |     1 ||     1
 Stab: Sleeping          |       |     1 ||     1
Armor: Robe              |     9 |    22 ||    31
Dodge: Dodged            |    36 |    51 ||    87
Block: Buckler           |       |    19 ||    19
